 Dungeon Crawl Stone Soup version 0.30-a0-1018-g25214051b3 (webtiles) character file.

Game seed: 6518657248006790791

60 Pimp the Trooper (level 3, 0/29 HPs)
             Began as a Demonspawn Fighter on Apr 7, 2023.
             Slain by an orc wizard
             ... wielding a +0 dagger
              (3 damage)
             ... on level 3 of the Dungeon.
             The game lasted 00:02:13 (1527 turns).

Pimp the Trooper (Demonspawn Fighter)               Turns: 1527, Time: 00:02:15

Health: 0/29       AC: 11    Str: 18    XL:     3   Next: 80%
Magic:  12/12      EV:  5    Int:  9    God:
Gold:   145        SH:  5    Dex: 17    Spells: 2/2 levels left

rFire   . . .      SeeInvis .    a - +0 war axe
rCold   . . .      Faith    .    c - +0 buckler
rNeg    . . .      Spirit   .    f - +0 plate armour
rPois   .          Reflect  .    (helmet restricted)
rElec   .          Rampage  .    (no cloak)
rCorr   .                        (no gloves)
Will    .....                    (no boots) Stlth
                                 (no amulet)
HPRegen 0.24/turn                o - ring "Leahabeps" {MP+9 Dex+5}
MPRegen 0.13/turn                (no ring)

@: lethally poisoned (0 -> -9), hasted, very quick
A: horns 1
a: no special abilities


You were on level 3 of the Dungeon.
You visited 1 branch of the dungeon, and saw 3 of its levels.

You collected 145 gold pieces.

Inventory:

Hand Weapons
 a - a +0 war axe (weapon)
Armour
 b - a +0 scale mail
 c - a +0 buckler (worn)
 f - a +0 plate armour (worn)
Jewellery
 o - the ring "Leahabeps" (left hand) {MP+9 Dex+5}
   (You found it on level 3 of the Dungeon)

   [ring of magical power]

   Dex:       It affects your dexterity (+5).
   MP:        It affects your magic capacity (+9).
Scrolls
 e - 2 scrolls of fog {unknown}
 g - 6 scrolls of identify {unknown}
 i - a scroll of blinking {unknown}
 m - a scroll of immolation {unknown}
 p - a scroll of torment {unknown}
Potions
 d - a potion of might
 j - a potion of heal wounds
 k - a potion of brilliance {unknown}
 l - a potion of mutation {unknown}
 n - a potion of cancellation {unknown}


   Skills:
 + Level 3.5 Fighting
 + Level 2.3 Axes
 + Level 3.2 Armour
 + Level 3.1 Shields


You had 2 spell levels left.
You didn't know any spells.
Your spell library contained the following spells:

 Spells                   Type           Power      Damage    Failure   Level
 Magic Dart               Conj           0%         1d3       100%        1
 Searing Ray              Conj           0%         2d4       100%        2
 Fulminant Prism          Conj/Hex       0%         3d5       100%        4


Dungeon Overview and Level Annotations

Branches:
Dungeon (3/15)

Altars:


Innate Abilities, Weirdness & Mutations

You have a pair of small horns on your head.


Message History

The orc hits you but does no damage.
The orc priest hits you but does no damage.
You are more poisoned.
The orc wizard hits you with a +0 dagger.
* * * LOW HITPOINT WARNING * * *
Unknown command.
It was a potion of heal wounds.
You feel much better.
You feel very sick. The orc hits you but does no damage.
The kobold throws a poisoned dart.
The poisoned dart hits you!
You are more poisoned.
The orc wizard hits you but does no damage.
The orc priest calls upon Beogh to heal the orc wizard.
The orc wizard's wounds heal themselves!
The orc hits you but does no damage.
You feel much better.
You feel very sick. The orc hits you but does no damage.
The orc wizard hits you but does no damage.
The orc priest calls down the wrath of Beogh upon you.
Beogh smites you!
You feel yourself speed up.
* * * LOW HITPOINT WARNING * * *
You feel very sick. The orc closely misses you.
The kobold hits you but does no damage.
The orc wizard hits you but does no damage.
You block the orc priest's attack. The orc hits you but does no damage.
You slash the orc wizard!
The orc wizard is severely wounded.
You barely miss the orc.
You hit the orc priest but do no damage.
You closely miss the kobold.
* * * LOW HITPOINT WARNING * * *
You feel very sick. The orc hits you but does no damage.
The kobold hits you with a +0 short sword.
* * * LOW HITPOINT WARNING * * *
You block the orc priest's attack.
The orc wizard hits you with a +0 dagger.
You die...

.#.#.........#+. .#.#+#
#.......#.#+#.#. .#.#...
+........#.#.#.. #.#....
#.......#.#.#.#.
.......#.#.......#.#.#.#
...............)....##..
.......o#...........# ##
......ooo...##....####
......K@..# ##.......+
....###[..# #...#....#..
###### ###...# #.#<#....#..
#....# #.....###.#'#.......
#....###...................
#........................#.
#........................#.
#........................#.
#....#......#...........##.


You could see an orc priest, an orc wizard, 2 orcs and a kobold.

Vanquished Creatures
  An orc wizard (D:3)
  4 orcs (D:3)
  4 endoplasms
  A giant cockroach (D:1)
  2 goblins (D:1)
  5 hobgoblins
  4 ball pythons (D:2)
  2 bats
  2 frilled lizards
  3 kobolds
  2 rats
30 creatures vanquished.

Notes
Turn   | Place    | Note
-------+----------+-------------------------------------------
     0 | D:1      | Pimp the Demonspawn Fighter began the quest for the Orb.
     0 | D:1      | Reached XP level 1. HP: 18/18 MP: 1/1
   358 | D:1      | Gained mutation: You have a pair of small horns on your
                  | head. [demonic ancestry]
   358 | D:1      | Reached XP level 2. HP: 23/24 MP: 2/2
  1211 | D:2      | Found the +2 ratskin cloak {*Rats rPois rN+ Str-1 Int-1
                  | Dex+1}
  1284 | D:3      | Identified the ring "Leahabeps" {MP+9 Dex+5}
  1336 | D:3      | Reached XP level 3. HP: 26/29 MP: 3/3
  1523 | D:3      | HP: 1/29 [orc wizard/+0 dagger (1)]
  1527 | D:3      | Slain by an orc wizard

Illustrated notes

Levels and vault maps discovered:
D:1:      mrwooster_arrival_arrow, layout_basic
D:2:      layout_loops_ring
D:3:      layout_basic, minmay_overflow_temple_hex

Skill      XL: |  1  2 |
---------------+-------+-----
Axes           | 2 |  2.3
Armour         | 3 |  3.2
Shields        | 3 |  3.1
Fighting       | |  3.5

Action                     || total
---------------------------++-------
  Melee: War axe           ||    85
         Headbutt          ||     8
    Use: Potion            ||     3
 Armour: Plate armour      ||    77
         Scale mail        ||     2
  Dodge: Dodged            ||    12
  Block: Buckler           ||    19

Table legend: (Time is in decaauts)
 A = Elapsed time spent in this place.
 B = Non-inter-level travel time spent in this place.
 C = Inter-level travel time spent in this place.
 D = Time resting spent in this place.
 E = Time spent auto-exploring this place.
 F = Levels seen in this place.
 G = Mean time per level.
                   A        B        C        D        E       F      G
               +--------+--------+--------+--------+--------+-----+--------+
         Total |   1562 |   1472 |     90 |     55 |   1121 |   3 |  520.7 |
       Dungeon |   1562 |   1472 |     90 |     55 |   1121 |   3 |  520.7 |
               +--------+--------+--------+--------+--------+-----+--------+

Top non-repeatable levels by time:
     D:1: 658 daAuts
     D:2: 629 daAuts
     D:3: 274 daAuts
